woodfighter, chaotic female orcish Cavewoman ######## ---- -------- #----- # |`.........`. #|...| ###------------ |.....`.....| ###.....####-..........| ... -----.%.| #|...| |........[.| | |S@S|...| #-.(.| |.....<....| |S@S.`... ####|...| ------------ | |}S.|...| ( ----- |. -----....##%%# |.....`.....| |`.........`| ------------- woodfighter the Cave Teen Experience level: 5 Strength: 18/01 Dexterity: 16 Constitution: 14 Intelligence: 7 Wisdom: 12 Charisma: 7 Health: 0(43) Energy: 23(23) Def: 2 Gold: 839 Moves: 2017 Dungeon seed: tY76Vm4li5S4P9rQ Game ID: woodfighter_1477234274 Your Inventory: Coins $ - 839 gold pieces Weapons a - a +1 club (weapon in hand) b - a blessed +2 sling (alternate weapon; not wielded) l - a +0 spear Armor q - an uncursed +0 leather armor (being worn) Comestibles c - 3 uncursed food rations k - 2 uncursed lichen corpses Scrolls h - a blessed scroll of genocide m - 2 uncursed scrolls of scare monster p - a blessed scroll of water v - an uncursed scroll of confuse monster Spellbooks j - an uncursed spellbook of cause fear Potions o - a blessed potion of levitation Wands d - a cursed wand of slow monster (0:4) i - a wand of enlightenment (0:11) Tools s - an uncursed sack y - an uncursed skeleton key Gems e - 10 uncursed flints (in quiver) Spells and supernatural/magical abilities: Name Level Category Fail Memory W - pray for help -- divine ? -- Your skills at the end: Miscellaneous Skills bare handed combat [Basic] Weapon Skills scimitar [Basic] club [Basic] sling [Basic] Spellcasting Skills Final Attributes: You were piously aligned. You were poison resistant. You had infravision. You were very stealthy. You are dead. Vanquished creatures: a rock piercer a red naga hatchling a gray ooze 2 puppies a kobold lord a jitterbug 3 giant bats a monkey 2 dwarf zombies 3 gas spores an acid blob 4 geckos a cave spider a brown mold a yellow mold a red mold 4 gnomes 5 manes 7 jackals 2 kobolds 5 newts 3 goblins 3 grid bugs 5 lichens 59 creatures vanquished. Voluntary challenges: You did not adorn yourself with jewelry or accessories. You did not cause conflict. You were not invisible. You did not have reflection. You were not displaced. You were an atheist. You used a wielded weapon 77 times, starting on turn 4. You did not apply a unicorn horn. You did not use sinks. You were illiterate. You never genocided any monsters. You never polymorphed an object. You never changed form. You used no wishes. You never split a pudding. You never wrote Elbereth's name. You never violated your personal moral code. Dungeon overview: The Dungeons of Doom: levels 1 to 5 Level 1 a long staircase Level 2 a general store stairs to The Gnomish Mines Level 3 (w) a general store, some sinks Level 4 a sink Level 5 <- You were here some fountains The Gnomish Mines: Level 3 stairs to The Dungeons of Doom History has recorded: On T:1 you entered the Dungeons of Doom to retrieve the Amulet of Yendor! On T:311 you advanced to experience level 2. On T:443 you reached level 2 of The Dungeons of Doom. On T:685 you reached level 1 of The Gnomish Mines. On T:761 you advanced to experience level 3. On T:879 you reached level 3 of The Dungeons of Doom. On T:925 you reached level 4 of The Dungeons of Doom. On T:1021 you advanced to experience level 4. On T:1591 you advanced to experience level 5. On T:1912 you reached level 5 of The Dungeons of Doom. Score breakdown: Gold: 839 ( 83 points) Experience: 5 levels ( 400 points) Exploration: 5 levels ( 120 points) Discoveries: 10 items ( 500 points) Variety of kills: 24 monsters ( 1200 points) Major goal: (nothing yet) ( 0 points) Survival: died (score multiplied by 3) Total score: 6909 Latest messages: You kill the giant bat! You are beginning to feel hungry. You see here a red naga hatchling corpse. You are now wielding your club. b - a blessed +2 sling (alternate weapon; not wielded). This red naga hatchling corpse tastes terrible! You finish eating the red naga hatchling corpse. You see here a giant bat corpse. "Hello, woodfighter, welcome to Delphi!" Water gushes forth from the overflowing fountain! You feel self-knowledgeable... The feeling subsides. You attract a water nymph! The fountain dries up! The water nymph stole an opera cloak. Never mind. An endless stream of snakes pours forth! The water moccasin bites! (2x) The water moccasin's bite was poisoned, but it doesn't affect you. The water moccasin bites! (2x) You die... The sack is empty. The sack is empty. Final status: Goodbye woodfighter the Cavewoman, killed by a water moccasin... You died in The Dungeons of Doom on dungeon level 5 with 6909 points, and 839 pieces of gold, after 2017 moves. You were level 5 with a maximum of 43 hit points when you died.